 Dungeon Crawl Stone Soup version 0.19-a0-682-g708bd0e (webtiles) character file.

634 TheGoonsmith the Changer (level 7, -7/48 HPs)
             Began as a Merfolk Transmuter on June 17, 2016.
             Was an Initiate of Makhleb.
             Mangled by Prince Ribbit (14 damage)
             ... on level 5 of the Dungeon.
             The game lasted 00:08:35 (5461 turns).

TheGoonsmith the Changer (Merfolk Transmuter)       Turns: 5461, Time: 00:08:35

Health: -7/48      AC:  2    Str: 11    XL:     7   Next: 49%
Magic:  13/13      EV: 23    Int: 14    God:    Makhleb [......]
Gold:   309        SH:  0    Dex: 19    Spells: 3 memorised, 8 levels left

rFire  . . .     SeeInvis .       - Unarmed
rCold  . . .     Gourm    .     (armour currently unavailable)
rNeg   . . .     Faith    .     (shield currently unavailable)
rPois  x         Spirit   .     (helmet currently unavailable)
rElec  .         Dismiss  .     (cloak currently unavailable)
rCorr  .         Reflect  .     (gloves currently unavailable)
SustAt .         Harm     .     (boots currently unavailable)
MR     .....                    (no amulet)
Stlth  ++........               (no ring)
                                (no ring)

@: spider-form, not resistant to hostile enchantments, unstealthy
A: (change form in water), (swift swim)
a: End Transformation, Renounce Religion


You were on level 5 of the Dungeon.
You worshipped Makhleb.
Makhleb was noncommittal.
You were hungry.
You were a venomous arachnid creature.
You visited 2 branches of the dungeon, and saw 6 of its levels.

You collected 309 gold pieces.

Inventory:

Missiles
 a - 53 arrows
Armour
 b - a +0 robe (melded)
 f - a +0 pair of gloves (melded)
 y - a +0 pair of boots (melded)
Jewellery
 w - an uncursed amulet of regeneration {unknown}
 x - an uncursed ring of protection from magic {unknown}
Scrolls
 d - 3 scrolls of recharging
 e - 2 scrolls of enchant weapon
 j - 3 scrolls of remove curse
 l - 2 scrolls of magic mapping
 s - 2 scrolls of teleportation {unknown}
 u - 3 scrolls of identify
Potions
 i - a potion of cancellation {unknown}
 k - a potion of flight
 o - a potion of degeneration {unknown}
 q - a potion of magic
 r - a potion of cure mutation
 v - 3 potions of might {unknown}
 z - a potion of haste {unknown}
Books
 c - a book of Changes

   Spells                             Type                      Level
   a - Beastly Appendage              Transmutation                1
   b - Sticks to Snakes               Transmutation                2
   c - Spider Form                    Transmutation/Poison         3
   d - Ice Form                       Ice/Transmutation            4
   e - Blade Hands                    Transmutation                5
Comestibles
 g - a bread ration
 h - a meat ration
 m - a beef jerky
 n - 8 fruits
 p - a slice of pizza
 t - a royal jelly


   Skills:
 - Level 1.1 Fighting
 + Level 4.5 Dodging
 - Level 5.0 Unarmed Combat
 - Level 4.1 Spellcasting
 - Level 6.0 Transmutations
 - Level 2.8 Poison Magic


You had 8 spell levels left.
You knew the following spells:

 Your Spells              Type           Power        Failure   Level  Hunger
a - Beastly Appendage     Tmut           ###...       6%          1    None
c - Spider Form           Tmut/Pois      ###.......   28%         3    ###....
s - Sticks to Snakes      Tmut           ###.....     10%         2    ##.....


Dungeon Overview and Level Annotations

Branches:
Dungeon (5/15)             Temple (1/1) D:4

Altars:
Cheibriados
Dithmenos
Elyvilon
Fedhas
Gozag
Kikubaaqudgha
Makhleb
Okawaru
Pakellas
Qazlal
Sif Muna
Trog
Uskayaw
Vehumet
Xom
Yredelemnul
The Shining One

Annotations:
D:5 Prince Ribbit


Message History

Casting: Spider Form
Confirm with . or Enter, or press ? or * to list all spells.
You turn into a venomous arachnid creature.
Your +0 pair of gloves melds into your body.
Your +0 pair of boots melds into your body.
Your +0 robe melds into your body.
Prince Ribbit hits you!!
You hit Prince Ribbit.
Prince Ribbit is poisoned.
Prince Ribbit is lightly wounded.
Prince Ribbit croaks regally.
Prince Ribbit hits you! Prince Ribbit barely misses you.
You bite Prince Ribbit!
Prince Ribbit looks even sicker.
Prince Ribbit is moderately wounded.
Prince Ribbit hits you!
* * * LOW HITPOINT WARNING * * *
You are too injured to fight recklessly!
It was a potion of magic.
Magic courses through your body.
Prince Ribbit croaks regally.
Prince Ribbit hits you!
You die...

##...#######.##### ###
##.....##.........# ..#
##.......#.###..##.#
..####..........###...#.##
.....+...................#
..####..........###.......#
......#.......#.# ##.#...##
..###.##.....##.#######.##
#.# #.###...###.sF......#
#.# #.# ##+## #########.#
..# #.# #.# #.# #.####.##
#.# #.......# ..#
#..#....#####
#########........
....####.....##.#
...('_#..#...#


You could see Prince Ribbit.

Vanquished Creatures
  Menkaure (D:5)
  An ice beast (D:5)
  A scorpion (D:4)
  A howler monkey (D:4)
  A jelly (D:5)
  Ijyb (D:2)
  2 worker ants (D:4)
  8 adders
  4 gnolls (D:4)
  2 oozes
  3 worms
  A dart slug (D:2)
  A giant gecko (D:5)
  8 orcs
  4 ball pythons
  A giant cockroach (D:2)
  10 goblins
  5 hobgoblins
  8 jackals
  3 kobolds (D:1)
  6 quokkas
  6 bats
  5 giant newts
  7 rats
  A spectral orc (D:2)
91 creatures vanquished.

Vanquished Creatures (collateral kills)
  Jessica (D:3)
  A kobold (D:3)
2 creatures vanquished.

Grand Total: 93 creatures vanquished

Notes
Turn   | Place    | Note
--------------------------------------------------------------
     0 | D:1      | TheGoonsmith the Merfolk Transmuter began the quest for the Orb.
     0 | D:1      | Reached XP level 1. HP: 15/15 MP: 3/3
   399 | D:1      | Reached XP level 2. HP: 21/21 MP: 5/5
   886 | D:1      | Reached XP level 3. HP: 22/26 MP: 4/6
  1249 | D:2      | Learned a level 2 spell: Sticks to Snakes
  1253 | D:2      | Learned a level 3 spell: Spider Form
  1537 | D:2      | Reached skill level 5 in Unarmed Combat
  1630 | D:2      | Found a bloodstained altar of Trog.
  1630 | D:2      | Found an iron altar of Okawaru.
  2057 | D:2      | Found a basalt altar of Yredelemnul.
  2118 | D:2      | Noticed Ijyb
  2153 | D:2      | Killed Ijyb
  2153 | D:2      | Reached skill level 3 in Transmutations
  2153 | D:2      | Reached XP level 4. HP: 25/32 MP: 7/7
  2572 | D:3      | Reached skill level 1 in Poison Magic
  2580 | D:3      | Reached skill level 4 in Transmutations
  2584 | D:3      | Noticed Jessica
  2624 | D:3      | Killed Jessica
  2624 | D:3      | Reached XP level 5. HP: 12/37 MP: 3/8
  3613 | D:4      | Reached skill level 5 in Transmutations
  3667 | D:4      | Reached XP level 6. HP: 34/43 MP: 5/9
  3694 | D:4      | Found a staircase to the Ecumenical Temple.
  3699 | Temple   | Entered the Ecumenical Temple
  3933 | Temple   | Became a worshipper of Makhleb the Destroyer
  4114 | D:4      | Reached skill level 6 in Transmutations
  4525 | D:5      | Entered Level 5 of the Dungeon
  4597 | D:5      | Noticed an ice beast
  4605 | D:5      | Killed an ice beast
  4605 | D:5      | Reached XP level 7. HP: 48/48 MP: 7/12
  4685 | D:5      | Found a blossoming altar of Fedhas.
  5104 | D:5      | Noticed Menkaure
  5111 | D:5      | Killed Menkaure
  5385 | D:5      | Found a deep blue altar of Sif Muna.
  5454 | D:5      | Noticed Prince Ribbit
  5461 | D:5      | Mangled by Prince Ribbit

Vault maps used:
D:1:      sevenhm_arrival_forest_fort_small_5
D:2:      yredelemnul_forgotten_temple_becter, gammafunk_temple_overflow_wave,
          uniq_iyjb
D:3:      first_bread, uniq_jessica
D:4:      temple_doors_b, minmay_misc_feat_x
D:5:      fedhas_altar_3, lemuel_blue_sif_altar, uniq_prince_ribbit1,
          uniq_menkaure
Temple:   zaba_magenta_temple_12

Skill      XL: |  1  2  3  4  5  6  7 |
---------------+----------------------+-----
Unarmed Combat | 4 5 |  5.0
Transmutations | 3 4 5 6 |  6.0
Poison Magic   | 1 2 |  2.8
Spellcasting   | 3 4 |  4.1
Dodging        | 4 |  4.5
Fighting       | |  1.1

Action                   |  1- 3 |  4- 6 |  7- 9 || total
-------------------------+-------+-------+-------++-------
Melee: Unarmed           |   150 |   173 |    27 ||   350
       Headbutt          |    13 |    12 |       ||    25
       Punch             |     2 |     1 |       ||     3
 Cast: Beastly Appendage |    37 |    18 |     1 ||    56
       Sticks to Snakes  |       |     2 |       ||     2
       Spider Form       |       |    11 |     4 ||    15
  Use: Potion            |     2 |     1 |     1 ||     4
       Scroll            |     2 |     3 |       ||     5
 Stab: Sleeping          |     1 |     2 |     1 ||     4
  Eat: Chunk             |     4 |     6 |     3 ||    13
       Bread ration      |       |     1 |       ||     1
Armor: Robe              |    25 |    20 |       ||    45
       Skin              |       |     3 |       ||     3
Dodge: Dodged            |   120 |   116 |    15 ||   251
